Map: Abyssal Reef LE

Players

Ziggy

  • Race: Terran Terran
  • Spawn Location: 5:00

Cloudy - Winner!

  • Race: Protoss Protoss
  • Spawn Location: 11:00

Event: WCS Valencia 2017

VOD

Have the link to the VOD?

Description

Time

  • Played on: July 13, 2017, 6:25 a.m.
  • Length: 11:45

All games in this series

Show
View Real Time Build Order
Export as new Build Order

Ziggy Terran 

Build Orders: Reaper Expand, MMM Bio 

Get SALT Encoding   

  12  0:00  SCV  
  13  0:12  SCV  
  14  0:17  Supply Depot  
  14  0:24  SCV  
  15  0:39  SCV  
  15  0:40  Barracks  
  16  0:44  Refinery  
  16  0:51  SCV  
  17  1:03  SCV  
  18  1:15  SCV  
  19  1:29  Orbital Command, Reaper  
  20  1:44  Command Center  
  20  1:55  Barracks  
  20  1:57  SCV  
  21  2:01  Barracks Reactor  
  21  2:09  SCV  
  21  2:11  Supply Depot  
  22  2:20  Refinery  
  22  2:21  SCV  
  23  2:29  Factory  
  23  2:33  SCV  
  24  2:40  Marine x2  
  24  2:43  Barracks Tech Lab  
  26  2:45  SCV  
  27  2:57  SCV  
  27  2:58  Marine x2  
  28  3:00  SCV  
  28  3:05  Marine  
  32  3:06  Stimpack  
  32  3:14  Orbital Command  
  32  3:16  Marine  
  33  3:22  SCV  
  33  3:23  Marine x2  
  36  3:29  Starport  
  36  3:32  Factory Reactor  
  36  3:35  SCV  
  36  3:40  Marine  
  38  3:41  Marine  
  38  3:42  SCV  
  38  3:46  Marine  
  38  3:47  SCV  
  42  3:51  Supply Depot  
  42  3:55  SCV  
  43  3:57  Marine  
  43  3:59  Marine  
  44  4:10  Marine  
  44  4:11  SCV  
  44  4:13  SCV  
  44  4:15  Marine  
  44  4:16  Medivac, Supply Depot  
  49  4:17  Marine  
  50  4:28  Engineering Bay  
  50  4:29  Factory Reactor  
  50  4:30  Marine  
  51  4:32  Medivac  
  51  4:37  SCV  
  54  4:39  SCV  
  55  4:46  Medivac  
  55  4:47  Marine x2  
  59  4:53  Supply Depot  
  59  4:55  Marine  
  59  4:59  Missile Turret  
  60  5:05  Marine  
  60  5:06  SCV  
  62  5:11  Combat Shields  
  62  5:14  SCV, Widow Mine x2  
  62  5:17  Missile Turret  
  62  5:21  Supply Depot  
  67  5:28  SCV x2  
  69  5:30  Marine  
  70  5:41  Barracks x2  
  70  5:42  Marine x2, SCV  
  73  5:45  Widow Mine  
  73  5:47  Marine  
  73  5:48  Supply Depot  
  73  5:49  SCV, Refinery  
  77  5:57  Barracks  
  77  5:58  SCV  
  78  6:06  Supply Depot  
  78  6:09  SCV, Widow Mine  
  79  6:15  SCV  
  79  6:18  Ghost Academy, Widow Mine  
  80  6:20  Marauder, Marine x2  
  80  6:22  SCV  
  84  6:26  Medivac  
  84  6:27  Medivac  
  84  6:31  Refinery  
  87  6:32  SCV  
  87  6:34  SCV  
  87  6:35  Barracks Tech Lab x2  
  87  6:38  Widow Mine  
  90  6:42  Liberator  
  90  6:48  Ghost  
  90  6:49  Barracks Tech Lab  
  90  6:50  Marine  
  90  6:51  Marine  
  94  6:59  Widow Mine, Supply Depot  
  99  7:01  Marine x2  
  99  7:07  Supply Depot  
  99  7:08  Marine  
  102  7:20  Marine x3, Ghost x2  
  109  7:23  Supply Depot  
  109  7:29  Liberator  
  107  7:31  Marine  
  108  7:38  Marauder, Marine, Factory Tech Lab  
  111  7:44  Marine  
  111  7:49  Marine x3  
  118  8:00  Marauder  
  118  8:02  Marine  
  118  8:03  Marauder  
  123  8:06  Marine, Ghost  
  123  8:07  Supply Depot  
  123  8:09  Marine  
  126  8:20  Command Center  
  126  8:27  Marine  
  126  8:28  Marauder  
  126  8:29  Siege Tank  
  120  8:37  Marine x2  
  120  8:38  Marauder  
  107  8:42  Ghost  
  107  8:44  Liberator  
  99  9:01  Siege Tank  
  101  9:05  SCV  
  101  9:06  Liberator  
  101  9:07  SCV  
  96  9:21  Marauder, Marine x2  
  98  9:24  Marine  
  98  9:27  SCV, Marine  
  101  9:33  Siege Tank  
  101  9:37  Marine  
  94  9:39  Marine  
  94  9:42  Marauder  
  94  9:43  SCV x2, Marine x2  
  94  9:45  Marine  
  89  9:50  Terran Infantry Weapons Level 1  
  84  9:55  SCV  
  84  9:56  SCV  
  84  9:58  SCV  
  83  10:03  Marine x2  
  84  10:07  SCV  
  84  10:08  SCV  
  84  10:09  Siege Tank  
  87  10:15  Orbital Command  
  87  10:19  SCV  
  87  10:21  Marine  
  88  10:23  SCV  
  87  10:29  Marauder, Marine  
  87  10:31  SCV  
  87  10:35  SCV  
  83  10:37  Marine x2  
  83  10:40  SCV  
  86  10:43  SCV  
  86  10:44  Marine x2  
  86  10:47  SCV  
  88  10:56  Medivac x2  
  89  11:08  Marine x2  
  89  11:09  Marauder  
  90  11:11  Siege Tank  
  90  11:12  Marine  
  90  11:13  Marauder, Marine  
  90  11:17  SCV x3  
  100  11:26  Marine x2  
Show
View Real Time Build Order
Export as new Build Order

Cloudy Protoss - Winner!

Build Orders: 1 Gate Expand, Oracle Opening 

Get SALT Encoding   

  12  0:01  Probe (Chrono Boost)  
  13  0:12  Probe (Chrono Boost)  
  14  0:18  Pylon  
  14  0:22  Probe (Chrono Boost)  
  15  0:37  Probe (Chrono Boost)  
  15  0:38  Gateway  
  16  0:45  Assimilator  
  16  0:49  Probe (Chrono Boost)  
  17  0:59  Probe (Chrono Boost)  
  18  1:10  Probe (Chrono Boost)  
  19  1:22  Nexus  
  19  1:34  Cybernetics Core  
  19  1:38  Probe (Chrono Boost)  
  20  1:45  Assimilator  
  20  1:48  Probe (Chrono Boost)  
  21  1:54  Pylon  
  21  1:59  Probe (Chrono Boost)  
  22  2:10  Probe (Chrono Boost)  
  22  2:12  Adept (Chrono Boost)  
  25  2:24  Probe, Stargate  
  26  2:32  Warp Gate  
  26  2:33  Probe  
  26  2:36  Probe  
  28  2:43  Probe  
  30  2:44  Adept (Chrono Boost)  
  30  2:48  Probe  
  32  2:54  Probe  
  33  3:00  Probe  
  33  3:04  Probe  
  33  3:08  Oracle (Chrono Boost)  
  37  3:12  Probe  
  37  3:15  Probe  
  39  3:25  Probe, Gateway  
  39  3:26  Probe, Gateway  
  41  3:37  Probe  
  41  3:41  Probe  
  42  3:47  Pylon  
  43  3:50  Probe  
  43  3:52  Probe  
  45  3:55  Pylon  
  45  4:02  Probe  
  46  4:03  Probe  
  47  4:14  Probe x2  
  51  4:17  Nexus, Phoenix (Chrono Boost)  
  51  4:26  Probe  
  51  4:28  Pylon, Mothership Core  
  54  4:36  Pylon  
  54  4:38  Probe  
  54  4:39  Pylon  
  54  4:41  Phoenix (Chrono Boost)  
  57  4:47  Probe  
  57  4:50  Probe  
  59  4:55  Adept x3  
  59  4:58  Probe  
  66  5:01  Assimilator  
  66  5:02  Probe  
  66  5:06  Assimilator  
  67  5:08  Probe, Phoenix (Chrono Boost)  
  70  5:15  Probe  
  70  5:18  Adept x3  
  70  5:20  Probe  
  77  5:27  Probe  
  79  5:30  Probe  
  79  5:33  Forge, Twilight Council  
  80  5:36  Probe, Phoenix (Chrono Boost)  
  80  5:39  Probe  
  80  5:41  Probe  
  85  5:49  Adept x2  
  90  5:50  Adept  
  90  5:51  Probe  
  90  5:54  Probe  
  94  5:58  Phoenix (Chrono Boost)  
  94  6:00  Pylon  
  94  6:03  Pylon  
  95  6:10  Adept x2  
  98  6:16  Protoss Ground Weapons Level 1 (Chrono Boost)  
  98  6:17  Resonating Glaives, Probe  
  98  6:18  Probe x2  
  97  6:22  Phoenix (Chrono Boost)  
  101  6:28  Probe  
  101  6:29  Probe  
  101  6:30  Probe  
  104  6:36  Photon Cannon  
  104  6:38  Sentry  
  104  6:39  Sentry  
  108  6:41  Zealot  
  108  6:45  Pylon  
  110  6:49  Gateway  
  112  6:54  Phoenix (Chrono Boost)  
  112  6:55  Gateway  
  112  6:56  Gateway  
  112  6:58  Probe x3  
  112  6:59  Assimilator  
  115  7:03  Robotics Facility, Assimilator  
  115  7:10  Probe x2  
  113  7:19  Gateway  
  113  7:20  Gateway  
  113  7:21  Adept x3  
  119  7:27  Phoenix (Chrono Boost)  
  121  7:35  Pylon  
  121  7:38  Photon Cannon  
  121  7:42  Blink  
  118  7:46  Pylon  
  118  7:47  Adept x3  
  118  7:50  Pylon  
  124  7:52  Phoenix (Chrono Boost)  
  124  7:57  Photon Cannon  
  126  8:03  Immortal (Chrono Boost), Robotics Bay  
  130  8:07  Photon Cannon  
  130  8:15  Adept x5  
  140  8:20  Photon Cannon  
  140  8:22  Pylon  
  140  8:23  Pylon  
  140  8:26  Pylon  
  140  8:28  Pylon  
  140  8:39  Adept x5  
  140  8:40  Adept  
  118  8:45  Adept x2  
  118  8:48  Disruptor (Chrono Boost)  
  119  9:01  Adept x4  
  127  9:03  Protoss Ground Armor Level 1 (Chrono Boost)  
  127  9:06  Adept x2  
  127  9:08  Sentry, Adept  
  125  9:22  Adept x4  
  125  9:23  Disruptor  
  129  9:30  Mothership Core  
  134  9:38  Adept x4  
  138  9:48  Stalker x2  
  138  9:49  Stalker x2  
  144  9:59  Pylon  
  140  10:01  Stalker x4  
  146  10:14  Nexus  
  146  10:15  Pylon  
  146  10:31  Stalker x7  
  160  10:38  Stalker  
  160  11:04  Adept x7  
  160  11:06  Pylon  
  170  11:26  Robotics Facility  
Tags
 
Add a new tag
Caveats
  • Supply blocks, unpowered buildings, or Contaminate may cause inaccurate times.
  • Supply counts are checked every 10 seconds.